 Dungeon Crawl Stone Soup version 0.18.1-6-gd335043 (webtiles) character file.

85 namelastname112 the Grasshopper (level 4, -8/37 HPs)
             Began as a Draconian Warper on May 15, 2016.
             Killed by divine providence
             ... invoked by an orc priest
              (15 damage)
             ... on level 3 of the Dungeon.
             The game lasted 00:02:45 (1919 turns).

namelastname112 the Grasshopper (Draconian Warper)  Turns: 1919, Time: 00:02:46

Health: -8/37      AC:  5    Str: 13    XL:     4   Next: 25%
Magic:  7/7        EV: 12    Int: 14    God:
Gold:   159        SH:  0    Dex: 11    Spells: 2 memorised, 5 levels left

rFire  . . .     SeeInvis .     a - +0 falchion
rCold  . . .     Gourm    .     (armour unavailable)
rNeg   . . .     Faith    .     (no shield)
rPois  .         Spirit   .     (helmet restricted)
rElec  .         Dismiss  .     (no cloak)
rCorr  .         Reflect  .     (no gloves)
SustAt .         Harm     .     (no boots)
MR     .....                    (no amulet)
Stlth  +.........               (no ring)
                                (no ring)

@: not resistant to hostile enchantments, very unstealthy
A: unfitting armour, cold-blooded, AC +5
a: no special abilities


You were on level 3 of the Dungeon.
You were not hungry.

You visited 1 branch of the dungeon, and saw 3 of its levels.

You collected 159 gold pieces.

Inventory:

Hand Weapons
 a - a +0 falchion (weapon)
Missiles
 d - 5 tomahawks of dispersal (quivered)
Magical Staves
 l - an uncursed staff of fire
Scrolls
 c - 2 scrolls of blinking
 h - a scroll of fear {unknown}
 j - 2 scrolls of identify {unknown}
 m - a scroll of teleportation {unknown}
 n - a scroll of recharging {unknown}
Potions
 e - 2 potions of degeneration {unknown}
 g - a potion of invisibility {unknown}
 i - a potion of experience {unknown}
 k - a potion of brilliance {unknown}
Books
 b - a book of Spatial Translocations

   Spells                             Type                      Level
   a - Apportation                    Translocation                1
   b - Blink                          Translocation                2
   c - Shroud of Golubria             Charms/Translocation         2
   d - Portal Projectile              Translocation                3
   e - Teleport Other                 Translocation                3
   f - Passage of Golubria            Translocation                4
Comestibles
 f - 3 bread rations


   Skills:
 + Level 2.7 Fighting
 * Level 2.6 Long Blades
 - Level 0.8 Throwing
 + Level 2.6 Dodging
 + Level 2.6 Spellcasting
 * Level 3.6 Translocations


You had 5 spell levels left.
You knew the following spells:

 Your Spells              Type           Power        Failure   Level  Hunger
e - Apportation           Tloc           ##........   6%          1    #......
x - Blink                 Tloc           N/A          10%         2    ###....


Dungeon Overview and Level Annotations

Branches:
Dungeon (3/15)

Altars:
Xom


Innate Abilities, Weirdness & Mutations

Your plain brown scales are hard (AC +5).
Your body does not fit into most forms of armour.
You are cold-blooded and may be slowed by cold attacks.


Message History

Beogh smites you!
A hobgoblin comes into view. It is wielding a club.
You take 12 damage, and have 21/37 hp.
MASSIVE DAMAGE!!
The bat hits you but does no damage.
The hobgoblin moves out of view.
An orc comes into view. It is wielding a dagger.
The bat completely misses you. The bat barely misses you. The bat misses you.
The orc priest mumbles some strange prayers to Beogh against you.
Beogh smites you!
* * * LOW HITPOINT WARNING * * *
The adder bites you but does no damage.
You take 14 damage, and have 8/37 hp.
MASSIVE DAMAGE!!
The bat hits you.
* * * LOW HITPOINT WARNING * * *
You take 1 damage, and have 7/37 hp.
The orc wizard shouts!
The adder closely misses you.
The orc priest mumbles some strange prayers to Beogh against you.
Beogh smites you!
You die...

................(###
........o..........
.................####
.....................
.....!....o.........#
.............oo..##.#.#
......................
..............S...###.#
..............b@.......
............)....####+#
S...........?....#
.................#
..?.............>#
...(.........##.
................ ##
########.####### ######
...## #.#
##.##.#.####....##


You could see an orc priest, an orc wizard, an adder, 2 orcs and a bat.

Vanquished Creatures
  A hound skeleton (D:3)
  3 adders
  A giant gecko (D:2)
  2 ball pythons (D:1)
  6 bats
  A giant cockroach (D:1)
  4 goblins
  6 hobgoblins
  6 jackals (D:1)
  A quokka (D:2)
  2 giant newts
  4 kobolds
  7 rats
44 creatures vanquished.

Notes
Turn   | Place    | Note
--------------------------------------------------------------
     0 | D:1      | namelastname112 the Draconian Warper began the quest for the Orb.
     0 | D:1      | Reached XP level 1. HP: 17/17 MP: 3/3
   295 | D:1      | Reached XP level 2. HP: 25/25 MP: 5/5
  1003 | D:1      | Reached XP level 3. HP: 26/30 MP: 6/6
  1532 | D:2      | Found a shimmering altar of Xom.
  1849 | D:3      | Learned a level 2 spell: Blink
  1885 | D:3      | Reached XP level 4. HP: 37/37 MP: 7/7
  1919 | D:3      | Killed from afar by an orc priest

Action                   |  1- 3 |  4- 6 || total
-------------------------+-------+-------++-------
Melee: Falchion          |   160 |    12 ||   172
       Tailslap          |     9 |       ||     9
  Eat: Chunk             |     3 |       ||     3
Armor: Skin              |    70 |    19 ||    89
Dodge: Dodged            |   128 |    28 ||   156
